 Dungeon Crawl Stone Soup version 0.30.0-15-g856e2d3f33 (webtiles) character file.

Game seed: 6965694219243369163

55 Strat the Digger (level 3, 0/18 HPs)
             Began as a Vine Stalker Earth Elementalist on May 18, 2023.
             Was an Initiate of Okawaru.
             Killed from afar by Grinder (15 damage)
             ... with a bolt of dispelling energy
             ... on level 3 of the Dungeon.
             The game lasted 00:05:05 (2255 turns).

Strat the Digger (Vine Stalker Earth Elementalist)  Turns: 2255, Time: 00:05:06

Health: 0/18       AC:  3    Str: 12    XL:     3   Next: 93%
Magic:  0/7        EV: 12    Int: 15    God:    Okawaru [......]
Gold:   142        SH:  0    Dex: 14    Spells: 3/6 levels left

rFire   . . .        a - +1 short sword (elec)
rCold   . . .        (no shield)
rNeg    . . .        c - +0 robe
rPois   .            (no helmet)
rElec   .            (no cloak)
rCorr   .            n - +0 pair of gloves
SInv    .            (no boots)
Will    .....        h - amulet of regeneration
Stlth   ++           (no ring)
HPRegen 1.03/turn    (no ring)
MPRegen 0.10/turn

%: guardian spirit
@: no status effects
A: fangs 2, magic shield, antimagic bite, no potion heal 2
a: Renounce Religion


You were on level 3 of the Dungeon.
You worshipped Okawaru.
Okawaru was noncommittal.
You visited 1 branch of the dungeon, and saw 3 of its levels.

You collected 142 gold pieces.

Inventory:

Hand Weapons
 a - a +1 short sword of electrocution (weapon)
 b - a +1 whip of draining
Armour
 c - a +0 robe (worn)
 f - a +0 ring mail
 n - a +0 pair of gloves (worn)
Jewellery
 h - an amulet of regeneration (around neck)
Scrolls
 d - 3 scrolls of teleportation {unknown}
 e - a scroll of identify {unknown}
 m - a scroll of enchant armour {unknown}
 o - 2 scrolls of fog {unknown}
 q - a scroll of vulnerability {unknown}
Potions
 g - a potion of curing {unknown}
 i - a potion of magic
 j - a potion of haste {unknown}
 k - a potion of lignification {unknown}
 l - a potion of degeneration {unknown}
 p - a potion of cancellation {unknown}
 r - a potion of might {unknown}


   Skills:
 + Level 1.5 Fighting
 * Level 2.3 Short Blades
 - Level 1.5 Dodging
 + Level 2.6 Stealth
 - Level 2.1 Spellcasting
 - Level 1.0 Transmutations
 - Level 3.0 Earth Magic


You had 3 spell levels left.
You knew the following spells:

 Your Spells              Type           Power      Damage    Failure   Level
a - Sandblast             Erth           20%        2d7       6%          1
b - Passwall              Tmut/Erth      5%         N/A       14%         2

Your spell library contained the following spells:

 Spells                   Type           Power      Damage    Failure   Level
 Stone Arrow              Conj/Erth      12%        3d7       34%         3
 Petrify                  Tmut/Erth      7%         N/A       67%         4


Dungeon Overview and Level Annotations

Branches:
Dungeon (3/15)

Altars:
Okawaru

Annotations:
D:3 1 runed translucent door, Grinder; frost775's ghost, amateur GnRe


Innate Abilities, Weirdness & Mutations

You have extremely sharp teeth.
When hurt, damage is shared between your health and your magic reserves.
Your bite disrupts and absorbs the magic of your enemies.
Potions cannot restore your health.


Message History

Frost775's ghost says, "One skewered Vine Stalker, coming right up."
You now have 142 gold pieces (gained 3).
Grinder comes into view.
She is carrying a wand of quicksilver (10).
Grinder shouts!
Casting: Sandblast (safe; 6% risk of failure)
Confirm with . or Enter, or press ? or * to list all spells.
Aiming: Sandblast (safe; 6% risk of failure)
Press: ? - help, Shift-Dir - straight line, f - Grinder
Aim: Grinder, carrying a wand of quicksilver (10) (80% to hit)
The blast of sand hits Grinder.
Grinder is lightly wounded.
Grinder gestures at you. You resist with significant effort.
Casting: Sandblast (safe; 6% risk of failure)
Confirm with . or Enter, or press ? or * to list all spells.
Aiming: Sandblast (safe; 6% risk of failure)
Press: ? - help, Shift-Dir - straight line, f/p - Grinder
Aim: Grinder, carrying a wand of quicksilver (10) (lightly wounded, 80% to hit)
The blast of sand hits Grinder.
Grinder is lightly wounded.
You closely miss Grinder.
Grinder is lightly wounded.
Grinder barely misses you.
You hit Grinder. You bite Grinder, but do no damage.
Grinder is lightly wounded.
You completely miss Grinder.
Grinder is lightly wounded.
Grinder gestures at you. Pain shoots through your body!
Casting: Sandblast (safe; 6% risk of failure)
Confirm with . or Enter, or press ? or * to list all spells.
Aiming: Sandblast (safe; 6% risk of failure)
Press: ? - help, Shift-Dir - straight line, f/p - Grinder
Aim: Grinder, carrying a wand of quicksilver (10) (lightly wounded, 80% to hit)
The blast of sand hits Grinder!
Grinder is moderately wounded.
Grinder zaps a wand.
The bolt of dispelling energy hits you!!
Ouch! That really hurt!
You die...

## .#.#.#.#.#.#. #.#
.#.#.#.#.#.#.#
####.#.#.#.#.#.#.#.#.
#...#.#.#.#.#.#.#.#.#
#...+#.#.#.#.#.#.#.#.
#...#.#.#.#.#.#.#.#.#
#...+#.#.#>#.#.#.#.#.
#..5#.#.#.#.#.#.#.#.#
#...@#.#.#.#)#.#.#.#.
#...#.#.#.#.#.#.#.#.#
#......#.#.#.#.#.#.#.
#......+#.#.#.#.#.#.#
#......#.#.#.#.#.#.#.
#......+#.#.#.#.#.#.#
#......#.#.#.#.#.#.#.
###+#.#.#.#.#.#.#.#.#
.#.#.#.#.#.#.#.#.


You could see Grinder.

Vanquished Creatures
  A worm (D:2)
  An endoplasm (D:2)
  A giant cockroach (D:1)
  10 goblins
  6 hobgoblins
  4 jackals (D:1)
  2 kobolds
  4 quokkas
  4 ball pythons
  4 bats
  2 frilled lizards
  8 rats
47 creatures vanquished.

Notes
Turn   | Place    | Note
-------+----------+-------------------------------------------
     0 | D:1      | Strat the Vine Stalker Earth Elementalist began the quest
                  | for the Orb.
     0 | D:1      | Reached XP level 1. HP: 9/9 MP: 4/4
   344 | D:1      | Reached XP level 2. HP: 14/14 MP: 4/6
   345 | D:1      | Reached skill level 1 in Short Blades
   348 | D:1      | Learned a level 2 spell: Passwall
   413 | D:1      | Reached skill level 1 in Fighting
   943 | D:1      | Reached XP level 3. HP: 18/18 MP: 2/7
  1721 | D:2      | Found an iron altar of Okawaru.
  1736 | D:2      | Became a worshipper of Warmaster Okawaru
  2146 | D:3      | Found a runed translucent door.
  2147 | D:3      | Noticed frost775's ghost (amateur GnRe)
  2249 | D:3      | Noticed Grinder
  2255 | D:3      | Killed from afar by Grinder

Illustrated notes

Levels and vault maps discovered:
D:1:      minmay_arrival_doors, layout_loops_ring, serial_glass,
          glass_columns_a, glass_columns_b
D:2:      layout_loops_ring, basic_altar, minmay_unequal
D:3:      layout_basic, gammafunk_ghost_grave, uniq_grinder

Skill      XL: |  1  2  3 |
---------------+----------+-----
Short Blades   | 1 2 |  2.3
Fighting       | 1 |  1.5
Dodging        | |  1.5
Stealth        | |  2.6
Spellcasting   | |  2.1
Transmutations | |  1.0
Earth Magic    | |  3.0

Action                     || total
---------------------------++-------
  Melee: Whip              ||     2
         Short sword       ||    13
         Bite              ||     3
   Cast: Sandblast         ||    64
   Stab: Sleeping          ||     3
 Armour: Robe              ||     2
  Dodge: Dodged            ||    20
